Map: Rhoskallian LE

Players

Massa - Winner!

  • Race: Terran Terran
  • League: Platinum
  • Spawn Location: 11:00

qqq - Winner!

  • Race: Zerg Zerg
  • Spawn Location: 12:00

BECUE

  • Race: Terran Terran
  • Spawn Location: 5:00

Code

  • Race: Zerg Zerg
  • Spawn Location: 6:00

VOD

Have the link to the VOD?

Description

Time

  • Played on: Jan. 30, 2021, 11:20 a.m.
  • Length: 10:29
Show
View Real Time Build Order
Export as new Build Order

Massa Terran - Winner!

Build Orders: Reaper Expand 

Get SALT Encoding   

  12  0:00  SCV  
  13  0:12  SCV  
  14  0:19  Supply Depot  
  14  0:28  SCV  
  15  0:40  SCV  
  16  0:44  Refinery  
  16  0:47  Barracks  
  16  0:57  SCV  
  17  1:09  SCV  
  18  1:22  SCV  
  19  1:34  Reaper  
  19  1:37  Orbital Command  
  20  1:45  Command Center  
  20  2:04  Supply Depot  
  20  2:05  SCV, Marine  
  22  2:17  SCV, Factory  
  22  2:46  Reaper  
  24  2:51  SCV  
  24  2:59  Orbital Command  
  24  3:03  SCV  
  24  3:04  Starport  
  25  3:09  Barracks  
  25  3:11  Supply Depot  
  25  3:12  Supply Depot  
  25  3:14  Refinery  
  25  3:16  Hellion  
  27  3:34  Reaper  
  27  3:37  Hellion  
  30  3:48  SCV x2  
  30  3:54  Medivac  
  33  3:57  Barracks Tech Lab  
  33  3:59  Engineering Bay  
  33  4:00  SCV x2  
  35  4:05  Marine  
  36  4:18  SCV x2  
  36  4:22  Refinery  
  36  4:23  Widow Mine  
  36  4:24  Medivac  
  42  4:30  SCV x2  
  44  4:45  Widow Mine  
  43  4:59  Marauder, Marine  
  46  5:11  Factory Tech Lab  
  46  5:16  SCV x2  
  46  5:17  Marine  
  46  5:20  Marauder  
  51  5:21  Command Center  
  51  5:27  Barracks  
  51  5:28  SCV x2, Barracks  
  53  5:29  Barracks, Factory  
  53  5:34  Marine  
  53  5:35  Missile Turret  
  54  5:40  SCV  
  54  5:41  Marine  
  54  6:06  Siege Tank  
  54  6:09  Marauder  
  60  6:16  Barracks Tech Lab  
  60  6:17  Barracks Reactor, Barracks Tech Lab  
  60  6:18  Barracks Reactor, Factory Tech Lab  
  59  6:19  SCV x2  
  59  6:23  Refinery, Starport Reactor  
  61  6:31  SCV  
  62  6:33  SCV, Marauder  
  62  6:37  Terran Infantry Weapons Level 1  
  65  6:40  Armory  
  65  6:42  Engineering Bay  
  65  6:43  SCV  
  65  6:44  Supply Depot  
  65  6:45  SCV  
  67  6:49  Marauder x2  
  71  6:54  Marauder  
  65  7:11  Marauder x2  
  65  7:12  Marine  
  65  7:13  Marine x3, Siege Tank  
  70  7:16  Marauder  
  72  7:23  Medivac  
  74  7:30  Marine x4  
  74  7:32  Marauder, Marine  
  74  7:35  Terran Infantry Armor Level 1  
  74  7:36  Marine  
  82  7:40  Stimpack  
  82  7:48  Marine x3  
  85  7:52  Combat Shield  
  85  8:00  Supply Depot  
  85  8:01  Supply Depot x2, Terran Vehicle Weapons Level 1  
  85  8:17  Marine  
  84  8:20  Marauder  
  84  8:22  Marauder, Siege Tank  
  84  8:23  Marauder, Marine  
  84  8:25  Supply Depot  
  84  8:26  Supply Depot  
  92  8:29  Liberator  
  95  8:42  Marauder, Marine x4  
  95  8:44  Marauder, Marine  
  95  8:47  Widow Mine  
  95  8:48  Supply Depot  
  106  8:54  Liberator  
  109  8:59  Marine  
  109  9:00  Marine x3  
  109  9:02  Marine x2  
  112  9:04  Marine  
  112  9:08  Widow Mine  
  113  9:17  Marine  
  113  9:18  Marine x3  
  99  9:48  Marauder x3, Marine x3  
  99  9:49  Marine  
  107  10:06  Marine  
Show
View Real Time Build Order
Export as new Build Order

qqq Zerg - Winner!

Build Orders: Hatch First 

Get SALT Encoding   

  12  0:00  Drone  
  13  0:08  Drone  
  14  0:27  Overlord  
  14  0:48  Hatchery  
  13  0:53  Drone  
  13  0:54  Drone  
  15  0:58  Drone  
  16  1:15  Spawning Pool  
  15  1:18  Extractor  
  15  1:23  Drone  
  15  1:24  Drone  
  16  1:33  Extractor  
  16  1:41  Extractor  
  16  1:45  Extractor  
  15  1:52  Drone x2, Overlord  
  18  2:06  Drone  
  18  2:07  Queen x2  
  23  2:14  Drone  
  23  2:15  Drone  
  25  2:19  Drone  
  26  2:27  Drone  
  26  2:29  Overlord  
  27  2:39  Drone  
  27  2:42  Evolution Chamber  
  27  2:43  Drone  
  28  2:48  Drone  
  28  2:51  Metabolic Boost  
  29  2:53  Zergling x2  
  29  2:57  Drone  
  31  3:01  Zergling x2  
  32  3:14  Zergling x2  
  32  3:15  Zergling x2  
  32  3:18  Zergling x4, Overlord  
  32  3:19  Zergling x4  
  38  3:20  Zergling x2  
  39  3:27  Zergling x2  
  39  3:29  Zergling x2  
  41  3:38  Zerg Melee Weapons Level 1  
  41  3:41  Zergling x2  
  43  3:48  Zergling x2  
  43  3:49  Drone  
  43  3:50  Drone  
  45  3:58  Zergling x2  
  45  3:59  Zergling x4  
  45  4:01  Drone  
  49  4:08  Lair  
  49  4:09  Hatchery  
  48  4:12  Zergling x2  
  48  4:13  Zergling x2  
  44  4:27  Zergling x2  
  44  4:28  Zergling x6  
  46  4:35  Zergling x2  
  46  4:36  Zergling x6  
  48  4:48  Zergling x6  
  50  5:01  Overlord x3  
  50  5:02  Overlord  
  43  5:08  Drone  
  44  5:15  Infestation Pit  
  43  5:24  Zergling x2  
  43  5:26  Queen  
  43  5:27  Drone  
  46  5:30  Extractor  
  46  5:34  Drone, Zergling x4  
  48  5:45  Zergling x2  
  48  5:46  Drone  
  48  5:47  Drone, Hatchery, Zergling x6  
  53  6:01  Zergling x2  
  53  6:02  Zergling x2  
  51  6:11  Zergling x2  
  51  6:12  Drone  
  51  6:16  Spire  
  52  6:19  Extractor, Drone x3  
  52  6:25  Extractor  
  53  6:28  Queen  
  53  6:29  Drone x3  
  58  6:34  Drone x2  
  58  6:35  Drone  
  58  6:36  Zergling x4  
  63  6:42  Extractor  
  45  7:17  Zergling x8  
  45  7:22  Zergling x8  
  51  7:23  Zergling x4  
  51  7:24  Hatchery  
  51  7:25  Hatchery  
  51  7:31  Mutalisk  
  51  7:33  Mutalisk x2  
  57  7:37  Hatchery  
  56  8:04  Hive  
  51  8:24  Mutalisk x4  
  49  8:33  Mutalisk  
  51  8:44  Mutalisk  
  51  8:45  Zergling x4  
  51  8:46  Drone x2  
  51  8:47  Drone x2  
  59  9:10  Mutalisk x3  
  65  9:23  Mutalisk  
  63  9:26  Zergling x16  
  63  9:27  Zergling x2  
  74  9:38  Drone x3  
  76  9:44  Corruptor x2  
  81  9:49  Drone x3  
  84  9:58  Corruptor  
  84  9:59  Drone x2  
  88  10:02  Overlord  
Show
View Real Time Build Order
Export as new Build Order

BECUE Terran 

Build Orders:  

Get SALT Encoding   

  12  0:00  SCV  
  13  0:12  SCV  
  14  0:18  Supply Depot  
  14  0:24  SCV  
  15  0:40  SCV  
  16  0:44  Barracks  
  16  0:50  Refinery  
  16  0:52  SCV  
  17  1:04  SCV  
  18  1:16  SCV  
  19  1:31  Orbital Command  
  19  1:40  Reaper  
  20  1:58  SCV  
  21  2:01  Command Center  
  21  2:10  SCV  
  22  2:23  Factory  
  22  2:33  Supply Depot  
  21  2:48  Command Center  
  21  2:49  Marine  
  22  2:56  SCV  
  23  3:13  Factory Tech Lab  
  23  3:14  Starport, Orbital Command  
  23  3:17  Marine  
  24  3:21  SCV  
  25  3:33  SCV  
  26  3:35  Marine  
  27  3:42  Orbital Command  
  27  3:45  SCV  
  28  3:53  Barracks x2  
  28  3:57  SCV  
  29  4:09  Marine  
  30  4:10  Siege Tank  
  30  4:13  Barracks  
  32  4:29  Marine  
  30  4:33  SCV  
  31  4:45  SCV  
  32  4:49  Marine x2  
  32  4:50  Marine  
  34  5:04  Marine  
  38  5:07  Marine x2, Siege Tank  
  40  5:14  SCV x2  
  40  5:16  Orbital Command  
  40  5:18  Refinery  
  42  5:24  Refinery  
  42  5:26  Barracks Reactor, Barracks Tech Lab, SCV  
  43  5:29  Refinery  
  43  5:32  Marine x2  
  43  5:33  SCV  
  46  5:36  Medivac  
  46  5:39  SCV  
  49  5:43  SCV  
  49  5:45  SCV  
  51  5:50  Marine  
  51  5:51  SCV  
  51  5:55  SCV  
  54  5:57  SCV  
  55  6:11  Marine x4  
  57  6:12  SCV, Marine  
  61  6:26  Engineering Bay x2  
  61  6:31  Barracks Reactor x2  
  61  6:33  Starport Reactor  
  61  6:37  Supply Depot x2  
  61  6:49  SCV  
  61  6:53  SCV x2  
  61  6:54  Marine  
  61  6:59  Siege Tank  
  64  7:05  SCV x2  
  66  7:12  Marine x7  
  73  7:21  SCV x3  
  76  7:25  Terran Infantry Armor Level 1, Terran Infantry Weapons Level 1  
  76  7:27  Barracks  
  76  7:29  Barracks  
  76  7:30  Marine, Stimpack  
  77  7:55  Supply Depot  
  77  7:56  Supply Depot  
  77  7:57  Supply Depot x2  
  77  8:17  SCV x3, Marine x5  
  77  8:18  Marine, Medivac x2  
  90  8:29  SCV  
  90  8:31  Marine  
  90  8:32  Siege Tank  
  92  8:34  Marine x5  
  92  8:35  Marine  
  98  8:48  Medivac  
  100  8:52  Marine x6  
  100  8:53  Marine  
  107  9:10  Marine x2  
  107  9:12  Marine  
  94  9:20  Marine x4  
  83  9:28  Marine x2  
  83  9:30  Barracks Reactor x2, Marine  
  77  9:38  Marine  
  74  9:42  SCV x3  
  74  9:45  Marine x3  
  77  9:54  SCV x3, Marine x3  
  77  9:56  Marine  
  81  10:02  Marine, Missile Turret x2  
  81  10:03  Missile Turret x2  
  81  10:05  Supply Depot x3  
  81  10:06  SCV x3  
  85  10:09  Marine x2  
Show
View Real Time Build Order
Export as new Build Order

Code Zerg 

Build Orders: Hatch First 

Get SALT Encoding   

  12  0:00  Drone  
  13  0:13  Overlord  
  13  0:23  Drone  
  14  0:34  Drone x2  
  16  0:54  Drone, Hatchery  
  16  0:57  Drone  
  16  1:01  Drone  
  18  1:11  Extractor  
  18  1:18  Spawning Pool  
  16  1:22  Drone  
  16  1:24  Drone  
  18  1:28  Drone  
  19  1:53  Drone  
  19  1:54  Drone  
  21  2:06  Queen  
  21  2:07  Queen  
  21  2:08  Drone x2  
  27  2:14  Drone  
  28  2:30  Overlord  
  28  2:31  Hatchery  
  28  2:34  Drone  
  28  2:37  Metabolic Boost  
  28  2:49  Drone x4  
  32  2:52  Overlord  
  32  3:02  Drone x2  
  34  3:07  Drone  
  34  3:11  Queen  
  37  3:16  Drone x4  
  41  3:30  Drone x3  
  41  3:32  Overlord  
  44  3:44  Extractor  
  44  3:48  Zergling x14  
  50  3:54  Queen  
  52  3:55  Overlord  
  52  3:58  Drone x4  
  56  4:10  Overlord x3  
  56  4:16  Zergling x2  
  56  4:17  Zergling x4  
  55  4:20  Spine Crawler  
  55  4:22  Spine Crawler  
  50  4:27  Spine Crawler  
  50  4:28  Zergling x14  
  54  4:40  Spore Crawler  
  50  4:46  Spore Crawler  
  46  4:53  Zergling x12  
  46  4:54  Zergling x2  
  46  4:59  Zergling x4  
  52  5:05  Zergling x8  
  54  5:08  Queen  
  56  5:15  Drone x2  
  56  5:16  Queen  
  60  5:28  Roach Warren  
  59  5:29  Drone, Evolution Chamber  
  59  5:32  Extractor  
  58  5:36  Drone x5  
  63  5:43  Drone x5  
  61  6:08  Spine Crawler  
  61  6:10  Hatchery  
  59  6:11  Lair  
  59  6:12  Zerg Missile Weapons Level 1  
  59  6:26  Roach x4  
  59  6:30  Overlord x2  
  67  6:45  Overlord x2  
  61  7:04  Roach x4  
  63  7:13  Overlord x2  
  63  7:14  Zergling x14  
  65  7:26  Drone x5  
  70  7:41  Roach x2  
  74  7:45  Drone x5  
  74  7:46  Overlord x3  
  79  7:59  Drone x3  
  82  8:09  Overlord x2  
  82  8:14  Roach x3  
  86  8:29  Roach x2  
  86  8:31  Overlord x2  
  86  8:32  Drone x4  
  94  8:37  Overlord x2  
  94  8:43  Hatchery  
  93  8:49  Extractor  
  93  8:50  Extractor  
  93  8:53  Extractor  
  88  8:56  Zergling x20  
  88  8:57  Zergling x2  
  96  9:16  Roach x6  
  101  9:27  Roach  
  72  9:43  Drone x8  
  74  10:05  Hatchery  
  55  10:19  Spore Crawler  
Tags
 
Add a new tag
Caveats
  • Supply blocks, unpowered buildings, or Contaminate may cause inaccurate times.
  • Supply counts are checked every 10 seconds.